 Dungeon Crawl Stone Soup version 0.18.1-50-g88ac8fd (webtiles) character file.

28 varam the Ruffian (level 3, -4/24 HPs)
             Began as a Gargoyle Monk on Oct 8, 2016.
             Slain by a gnoll
             ... wielding a +0 spear
              (6 damage)
             ... on level 1 of the Dungeon.
             The game lasted 00:03:35 (1435 turns).

varam the Ruffian (Gargoyle Monk)                   Turns: 1435, Time: 00:03:36

Health: -4/24      AC:  5    Str: 15    XL:     3   Next: 12%
Magic:  3/3        EV: 12    Int: 10    God:
Gold:   48         SH:  0    Dex: 12    Spells: 0 memorised, 2 levels left

rFire  . . .     SeeInvis .       - Unarmed
rCold  . . .     Gourm    .     a - +0 robe
rNeg   + . .     Faith    .     (no shield)
rPois  ∞         Spirit   .     (no helmet)
rElec  +         Dismiss  .     (no cloak)
rCorr  .         Reflect  .     (no gloves)
SustAt .         Harm     .     (no boots)
MR     .....                    (no amulet)
Stlth  ++........               (no ring)
                                (no ring)

@: not resistant to hostile enchantments, unstealthy
A: negative energy resistance 1, electricity resistance, unbreathing,
petrification resistance, rot immunity, AC +3
a: no special abilities


You were on level 1 of the Dungeon.
You were not hungry.

You visited 1 branch of the dungeon, and saw 2 of its levels.

You collected 48 gold pieces.

Inventory:

Armour
 a - a +0 robe (worn)
Potions
 c - a potion of agility {unknown}
 d - 2 potions of flight {unknown}
 e - a potion of brilliance {unknown}
 g - a potion of lignification {unknown}
 h - 2 potions of heal wounds {unknown}
Comestibles
 b - 2 bread rations
 f - a beef jerky


   Skills:
 + Level 3.8 Fighting
 + Level 2.6 Dodging
 - Level 2.1 Stealth
 * Level 4.4 Unarmed Combat


You had 2 spell levels left.
You didn't know any spells.

Dungeon Overview and Level Annotations

Branches:
Dungeon (2/15)

Altars:


Innate Abilities, Weirdness & Mutations

You are resistant to torment.
Your stone body is resilient (AC +3).
You are immune to poison.
You resist negative energy.
You are resistant to electric shocks.
You can survive without breathing.
You are immune to petrification.
You are immune to rotting.


Message History

The goblin shouts!
The gnoll shouts! x4
Found 13 gold pieces and a rapier.
Found a stone staircase leading up.
There is a stone staircase leading up here.
The gnoll hits you but does no damage. The gnoll hits you with a spear.
The gnoll barely misses you.
You climb upwards.
There is a stone staircase leading down here.
The gnoll hits you with a spear. The gnoll closely misses you.
The gnoll hits you with a club.
You hit the gnoll.
The gnoll is lightly wounded.
The gnoll hits you with a whip!
* * * LOW HITPOINT WARNING * * *
The gnoll hits you from afar with a spear.
* * * LOW HITPOINT WARNING * * *
You are too injured to fight recklessly!
The gnoll hits you from afar with a spear.
* * * LOW HITPOINT WARNING * * *
The gnoll hits you from afar with a spear.
You die...

......###.###.g....###'####.####.
......##....##....###............
#....)##..........# #......#.###.
#.....#........##.# #......#..##.
#.....#.........### #......'.....
#.....#.<..##....# #......#.....
#.....#...####...####......#.....
#.....#..g# #...#.........#.....
#.....##..####..@#.........#.....
#.....##(..##gg..#......####.....
#.....##...g....##....#..........
#.....##........##....#..........
#.....###.......##...##..........
#.....# #......###...##.........>
#.....# ##.....# #...##..........
####### ###..## #...##..........
#### #...##..........


You could see 3 gnolls.

Vanquished Creatures
  A bat (D:1)
  2 giant cockroaches (D:1)
  2 goblins (D:1)
  3 hobgoblins (D:1)
  7 jackals (D:1)
  3 giant newts (D:1)
  5 kobolds (D:1)
  A rat (D:1)
24 creatures vanquished.

Notes
Turn   | Place    | Note
--------------------------------------------------------------
     0 | D:1      | varam the Gargoyle Monk began the quest for the Orb.
     0 | D:1      | Reached XP level 1. HP: 14/14 MP: 1/1
   313 | D:1      | Reached XP level 2. HP: 13/19 MP: 2/2
  1237 | D:1      | Reached XP level 3. HP: 23/24 MP: 3/3
  1400 | D:1      | HP: 1/24 [gnoll/spear (3)]
  1431 | D:1      | HP: 1/24 [gnoll/spear (2)]
  1435 | D:1      | Slain by a gnoll

Action                   || total
-------------------------++-------
Melee: Club              ||    34
       Unarmed           ||    44
       Short sword       ||    51
 Stab: Sleeping          ||     3
  Eat: Chunk             ||     2
Armor: Robe              ||    50
Dodge: Dodged            ||    99
